 Dungeon Crawl Stone Soup version 0.25-a0-258-g6d7e32a812 (webtiles) character file.

Game seed: 5226154865167890452, levelgen mode: deterministic

375 night the Firebug (level 6, -7/41 HPs)
             Began as a Demonspawn Fire Elementalist on Dec 6, 2019.
             Mangled by an iguana (12 damage)
             ... on level 4 of the Dungeon.
             The game lasted 00:12:18 (4519 turns).

night the Firebug (Demonspawn Fire Elementalist)    Turns: 4519, Time: 00:12:18

Health: -7/41      AC:  3    Str:  8    XL:     6   Next: 44%
Magic:  7/11       EV: 12    Int: 18    God:
Gold:   99         SH:  0    Dex: 14    Spells: 2/12 levels left

rFire    . . .     SeeInvis .   (no weapon)
rCold    . . .     Gourm    .   (no shield)
rNeg     . . .     Faith    .   w - +0 leather armour (curse)
rPois    .         Spirit   .   (no helmet)
rElec    .         Reflect  .   (no cloak)
rCorr    .         Harm     .   (no gloves)
MR       .....                  (no boots)
Stlth    ++........             (no amulet)
HPRegen  0.13/turn              (no ring)
MPRegen  0.12/turn              (no ring)

@: no status effects
A: claws 2, spiny 1, sturdy frame 2
a: no special abilities


You were on level 4 of the Dungeon.
You were not hungry.

You visited 1 branch of the dungeon, and saw 4 of its levels.

You collected 99 gold pieces.

Inventory:

Missiles
 b - 136 stones (quivered)
 h - 7 boomerangs
 k - 9 poisoned darts
 r - 16 arrows
Armour
 a - a +0 robe
 w - a cursed +0 leather armour (worn)
Jewellery
 t - an uncursed ring of protection from magic {unknown}
Wands
 v - a wand of paralysis (3)
Scrolls
 d - 3 scrolls of amnesia {unknown}
 f - a scroll of teleportation {unknown}
 i - 2 scrolls of identify
 m - a scroll of enchant weapon {unknown}
 n - 2 scrolls of magic mapping
 o - a scroll of enchant armour {unknown}
 p - 2 scrolls of random uselessness {unknown}
 s - 2 scrolls of remove curse {unknown}
 u - a scroll of immolation {unknown}
 y - a scroll of fog {unknown}
Potions
 e - a potion of ambrosia {unknown}
 g - a potion of haste
 j - a potion of flight {unknown}
 l - 2 potions of berserk rage {unknown}
 q - a potion of cancellation {unknown}
 x - a potion of lignification {unknown}
Comestibles
 c - 4 rations


   Skills:
 - Level 1.7 Dodging
 - Level 1.7 Stealth
 + Level 3.9 Spellcasting
 + Level 3.8 Conjurations
 + Level 4.4 Fire Magic


You had 2 spell levels left.
You knew the following spells:

 Your Spells              Type           Power        Failure   Level  Hunger
a - Foxfire               Conj/Fire      ###.         2%          1    None
b - Sticky Flame          Conj/Fire      ###.....     26%         4    ####...
c - Fireball              Conj/Fire      ###.......   58%         5    ######.

Your spell library contained the following spells:

 Spells                   Type           Power        Failure   Level  Hunger
 Conjure Flame            Conj/Fire      ###.....     9%          3    ###....
 Inner Flame              Hex/Fire       ##......     19%         3    ###....


Dungeon Overview and Level Annotations

Branches:
Dungeon (4/15)
 Temple: D:4-7

Altars:
Qazlal
Ru

Annotations:
D:3 1 runed translucent door, Crazy Yiuf


Innate Abilities, Weirdness & Mutations

You have very sharp fingernails.
You are partially covered in sharp spines.
Your movements are less encumbered by armour. (ER -4)


Message History

Casting: Foxfire (safe; 2% risk of failure)
Confirm with . or Enter, or press ? or * to list all spells.
You conjure some foxfire!
The iguana is struck by your spines. The iguana bites you!
The foxfire hits the iguana.
The iguana is almost dead.
The foxfire hits the iguana but does no damage.
The iguana is almost dead.
The iguana misses you.
Casting: Foxfire (safe; 2% risk of failure)
Confirm with . or Enter, or press ? or * to list all spells.
You conjure some foxfire!
The iguana is struck by your spines. The iguana bites you!
* * * LOW HITPOINT WARNING * * *
The foxfire hits the iguana but does no damage.
The iguana is almost dead.
The foxfire hits the iguana but does no damage.
The iguana is almost dead.
The iguana bites you!
You die...

##.#.....
#....#####
##.#.####
###.#.....
#.....#.#
#.#.#..##
#.#.#.##
###.#.# #
#.l@#..
........ยง...#
.....########
..#.# .... ###


You could see an iguana.

Vanquished Creatures
  An ogre (D:4)
  A hound (D:2)
  A centaur skeleton (D:4)
  Ijyb (D:3)
  Natasha (D:2)
  A hound skeleton (D:3)
  A gnoll (D:2)
  6 adders
  2 oozes
  4 worms
  3 dart slugs
  3 leopard geckos
  3 orcs (D:3)
  2 giant cockroaches (D:1)
  8 goblins
  8 hobgoblins
  7 jackals
  10 kobolds
  A ball python (D:1)
  9 bats
  5 frilled lizards
  5 rats
83 creatures vanquished.

Vanquished Creatures (others)
  233 foxfires
233 creatures vanquished.

Grand Total: 316 creatures vanquished

Notes
Turn   | Place    | Note
-------+----------+-------------------------------------------
     0 | D:1      | night the Demonspawn Fire Elementalist began the quest for
                  | the Orb.
     0 | D:1      | Reached XP level 1. HP: 13/13 MP: 3/3
   215 | D:1      | Gained mutation: Your movements are slightly less
                  | encumbered by armour. (ER -2) [demonic ancestry]
   215 | D:1      | Reached XP level 2. HP: 11/19 MP: 1/5
   496 | D:1      | Reached skill level 3 in Fire Magic
  1009 | D:1      | Gained mutation: You are partially covered in sharp spines.
                  | [demonic ancestry]
  1009 | D:1      | Reached XP level 3. HP: 19/24 MP: 3/6
  1792 | D:2      | Found a sacrificial altar of Ru.
  1989 | D:2      | Gained mutation: You have sharp fingernails. [demonic
                  | ancestry]
  1989 | D:2      | Reached XP level 4. HP: 30/30 MP: 4/8
  2248 | D:2      | Noticed Natasha
  2311 | D:2      | Killed Natasha
  2311 | D:2      | Gained mutation: Your movements are less encumbered by
                  | armour. (ER -4) [demonic ancestry]
  2311 | D:2      | Reached XP level 5. HP: 16/35 MP: 3/9
  2707 | D:2      | Learned a level 4 spell: Sticky Flame
  2755 | D:2      | Learned a level 5 spell: Fireball
  3258 | D:3      | Reached skill level 4 in Fire Magic
  3515 | D:3      | Noticed Ijyb
  3519 | D:3      | Paralysed by Ijyb for 5 turns
  3530 | D:3      | Paralysed by Ijyb for 6 turns
  3534 | D:3      | Killed Ijyb
  3875 | D:3      | Found a runed translucent door.
  3876 | D:3      | Noticed Crazy Yiuf
  3972 | D:3      | Found a stormy altar of Qazlal.
  4376 | D:4      | Gained mutation: You have very sharp fingernails. [demonic
                  | ancestry]
  4376 | D:4      | Reached XP level 6. HP: 37/41 MP: 6/11
  4519 | D:4      | Mangled by an iguana

Levels and vault maps discovered:
D:1:      zaba_arrival_water, layout_basic
D:2:      layout_loops_ring, nicolae_ru_awakened_eye, minmay_misc_feat_roman,
          uniq_natasha
D:3:      layout_basic, nicolae_overflow_hidden_temple, st_stairs_13,
          uniq_crazy_yiuf_cottage, uniq_ijyb
D:4:      layout_loops_ring, gammafunk_temple_overflow_wave,
          gammafunk_ghost_icy, hangedman_abyss_or_decor_passed

Skill      XL: |  1  2  3  4  5 |
---------------+----------------+-----
Fire Magic     | 3 4 |  4.4
Conjurations   | 2 3 |  3.8
Spellcasting   | 3 |  3.9
Dodging        | |  1.7
Stealth        | |  1.7

Action                   |  1- 3 |  4- 6 || total
-------------------------+-------+-------++-------
Melee: Unarmed           |     7 |     2 ||     9
Throw: Stone             |       |     1 ||     1
 Cast: Foxfire           |    57 |    82 ||   139
  Use: Scroll            |       |     2 ||     2
  Eat: Chunk             |     4 |     7 ||    11
Armor: Robe              |     9 |     6 ||    15
       Leather armour    |       |     1 ||     1
Dodge: Dodged            |    21 |    30 ||    51

Table legend:
 A = Non-vault XP
 B = Vault XP
 C = Vault XP percentage of total XP
 D = Non-vault monster count
 E = Vault monster count
 F = Vault count percentage of total count
                 A         B        C        D         E       F
            +---------+---------+-------+---------+---------+-------
      Total |     452 |      84 |  15.7 |      80 |       3 |   3.6
            +---------+---------+-------+---------+---------+-------
        D:1 |      69 |       0 |   0.0 |      35 |       0 |   0.0
        D:2 |     163 |      35 |  17.7 |      30 |       1 |   3.2
        D:3 |      58 |      49 |  45.8 |      12 |       2 |  14.3
        D:4 |     162 |       0 |   0.0 |       3 |       0 |   0.0
            +---------+---------+-------+---------+---------+-------
